 Dungeon Crawl Stone Soup version 0.26-a0-952-g76694b35de (webtiles) character file.

Game seed: 3005210046354798292

99 mhtbhm the Shield-Bearer (level 4, -4/29 HPs)
             Began as a Gargoyle Fighter on Nov 30, 2020.
             Killed by nerve-wracking pain
             ... invoked by an orc priest
              (5 damage)
             ... on level 2 of the Dungeon.
             The game lasted 00:02:15 (2341 turns).

mhtbhm the Shield-Bearer (Gargoyle Fighter)         Turns: 2341, Time: 00:02:16

Health: -4/29      AC: 10    Str: 21    XL:     4   Next: 72%
Magic:  4/4        EV:  7    Int:  8    God:
Gold:   80         SH: 14    Dex:  9    Spells: 3/3 levels left

rFire    . . .     SeeInvis .   a - +0 flail
rCold    . . .     Faith    .   c - +0 kite shield
rNeg     + . .     Spirit   .   b - +0 scale mail
rPois    ∞         Reflect  +   (no helmet)
rElec    +         Harm     .   (no cloak)
rCorr    .         Rampage  .   (no gloves)
MR       .....                  (no boots)
Stlth    ..........             e - amulet of reflection
HPRegen  0.09/turn              (no ring)
MPRegen  0.09/turn              (no ring)

@: no status effects
A: negative energy resistance 1, electricity resistance, unbreathing,
petrification resistance, rot immunity, AC +3
a: no special abilities


You were on level 2 of the Dungeon.
You visited 1 branch of the dungeon, and saw 3 of its levels.

You collected 80 gold pieces.

Inventory:

Hand Weapons
 a - a +0 flail (weapon)
Armour
 b - a +0 scale mail (worn)
 c - a +0 kite shield (worn)
Jewellery
 e - an amulet of reflection (around neck)
Scrolls
 g - 2 scrolls of teleportation {unknown}
Potions
 d - a potion of degeneration {unknown}


   Skills:
 + Level 3.8 Fighting
 + Level 2.8 Maces & Flails
 + Level 4.1 Armour
 + Level 0.5 Dodging
 + Level 4.1 Shields


You had 3 spell levels left.
You didn't know any spells.
Your spell library was empty.

Dungeon Overview and Level Annotations

Branches:
Dungeon (3/15)

Altars:


Innate Abilities, Weirdness & Mutations

You are resistant to torment.
Your stone body is resilient. (AC +3)
You are immune to poison.
You resist negative energy. (rN+)
You are resistant to electric shocks. (rElec)
You can survive without breathing.
You are immune to petrification.
You are immune to rotting.


Message History

You climb upwards.
There is a stone staircase leading down here.
You start waiting.
An orc priest is nearby!
The orc priest mumbles some strange prayers to Beogh against you.
Beogh smites you! The orc priest barely misses you.
You barely miss the orc priest. You block the orc priest's attack.
You closely miss the orc priest.
The orc priest invokes the aid of Beogh against you.
Beogh smites you!
Ouch! That really hurt!
* * * LOW HITPOINT WARNING * * *
You hit the orc priest but do no damage.
The orc priest begins to cast a cantrip, but forgets the words!
You hit the orc priest.
The orc priest is moderately wounded.
The orc priest calls down the wrath of Beogh upon you.
Pain shoots through your body!
You die...

######### #.......#
+......>+
###########.......#
......... +.......#
........###.......#
......))'.o@...>..+
........#÷#.......#
........#†#.......#
........#o#.#'#####
...######o#.#.# ..
#o#.#.# . #.#.#.#
#o#[#.# ###########
#o#.#.# #.........#


You could see an orc priest.

Vanquished Creatures
  An orc wizard (D:3)
  An ooze (D:1)
  2 dart slugs
  9 orcs (D:3)
  4 giant cockroaches
  10 goblins
  3 hobgoblins
  A quokka (D:3)
  4 bats
  4 frilled lizards
  4 kobolds
  11 rats
54 creatures vanquished.

Notes
Turn   | Place    | Note
-------+----------+-------------------------------------------
     0 | D:1      | mhtbhm the Gargoyle Fighter began the quest for the Orb.
     0 | D:1      | Reached XP level 1. HP: 14/14 MP: 1/1
   117 | D:1      | Reached XP level 2. HP: 19/19 MP: 2/2
   839 | D:1      | Reached XP level 3. HP: 21/24 MP: 3/3
  1985 | D:3      | Reached XP level 4. HP: 27/29 MP: 4/4
  2339 | D:2      | HP: 1/29 [orc priest/divine providence (17)]
  2341 | D:2      | Killed from afar by an orc priest

Illustrated notes

Levels and vault maps discovered:
D:1:      lightli_arrival_statuegarden, layout_basic, solitary_fountain
D:2:      layout_basic, lemuel_doored_altar
D:3:      layout_basic, nicolae_overflow_crystal_walls, lemuel_crystal_altar,
          grunt_ministairs_2

Skill      XL: |  1  2  3  4 |
---------------+-------------+-----
Armour         | 4 |  4.1
Shields        | 4 |  4.1
Fighting       | |  3.8
Maces & Flails | |  2.8
Dodging        | |  0.5

Action                   |  1- 3 |  4- 6 || total
-------------------------+-------+-------++-------
Melee: Flail             |   162 |    27 ||   189
  Use: Scroll            |     1 |       ||     1
       Potion            |     1 |       ||     1
Armor: Scale mail        |    72 |     6 ||    78
Dodge: Dodged            |    43 |     7 ||    50
Block: Kite shield       |   151 |    20 ||   171
       Reflection        |     4 |     6 ||    10

Table legend: (Time is in decaauts)
 A = Elapsed time spent in this place.
 B = Non-inter-level travel time spent in this place.
 C = Inter-level travel time spent in this place.
 D = Time resting spent in this place.
 E = Time spent auto-exploring this place.
 F = Levels seen in this place.
 G = Mean time per level.
                   A        B        C        D        E       F      G
               +--------+--------+--------+--------+--------+-----+--------+
         Total |   2413 |   2413 |      0 |    852 |   1093 |   3 |  804.3 |
       Dungeon |   2413 |   2413 |      0 |    852 |   1093 |   3 |  804.3 |
               +--------+--------+--------+--------+--------+-----+--------+

Top non-repeatable levels by time:
     D:1: 1258 daAuts
     D:3: 1033 daAuts
     D:2: 122 daAuts
